 Dungeon Crawl Stone Soup version 0.13.0-9-gbc74161 (console) character file.

91 Illaniel the Charmwright (level 2, -6/18 HPs)
             Began as a High Elf Skald on Oct 17, 2013.
             Mangled by a gnoll
             ... wielding a +0,+1 halberd
              (9 damage)
             ... on Level 3 of the Dungeon.
             The game lasted 00:05:28 (1678 turns).

Illaniel the Charmwright (High Elf Skald)           Turns: 1678, Time: 00:05:28

HP  -6/18        AC  5     Str 11      XL: 2   Next: 86%
MP   0/6         EV 10     Int 15      God:
Gold 66          SH  0     Dex 14      Spells:  3 memorised,  1 level left

Res.Fire  : . . .   See Invis. : .   a - +0 elf falchion
Res.Cold  : . . .   Warding    : .   b - +0 elf leather armour
Life Prot.: . . .   Conserve   : .   (no shield)
Res.Poison: .       Res.Corr.  : .   q - +0 helmet
Res.Elec. : .       Clarity    : .   (no cloak)
Sust.Abil.: . .     Spirit.Shd : .   (no gloves)
Res.Mut.  : .       Stasis     : .   g - +0 pair of boots
Res.Rott. : .       Flight     : .   (no amulet)
Saprovore : . . .                    (no ring)
                                     (no ring)

@: not resistant to hostile enchantments, unstealthy
A: no striking features
a: Stop Singing


You were on level 3 of the Dungeon.
You were not hungry.

You visited 1 branch of the dungeon, and saw 3 of its levels.

You collected 46 gold pieces.

Inventory:

Hand weapons
 a - a +0,+0 elven falchion (weapon)
Missiles
 k - 5 curare-tipped needles
Armour
 b - a +0 elven leather armour (worn)
 g - a +0 pair of boots (worn)
 q - a +0 helmet (worn)
Comestibles
 d - 3 bread rations
 f - a lemon
 m - 2 meat rations
 n - a pear
 p - an apple
 s - 2 chokos
 t - 9 strawberries
 x - a chunk of bat flesh
Scrolls
 e - 2 scrolls of remove curse {unknown}
 h - 2 scrolls of teleportation {unknown}
 i - a scroll of recharging {unknown}
 l - a scroll of enchant weapon I {unknown}
 o - a scroll of identify {unknown}
 u - 3 scrolls of blinking {unknown}
Potions
 j - a potion of slowing {unknown}
 r - a potion of degeneration {unknown}
 v - a potion of brilliance {unknown}
 w - a potion of agility {unknown}
Books
 c - a book of Battle

   Spells                             Type                      Level
   *Infusion                          Charms                       1
   *Shroud of Golubria                Charms/Translocation         2
   *Song of Slaying                   Charms                       2
   Spectral Weapon                    Hexes/Charms                 3
   Regeneration                       Charms/Necromancy            3
   Song of Shielding                  Charms                       4


   Skills:
 + Level 2.3 Fighting
 + Level 2.6 Long Blades
 + Level 1.3 Armour
 + Level 1.3 Dodging
 + Level 0.2 Stealth
 + Level 2.6 Spellcasting
 + Level 4.0 Charms
 + Level 0.0 Translocations


You had one spell level left.
You knew the following spells:

 Your Spells              Type           Power        Failure   Level  Hunger
a - Infusion              Chrm           ##....       4%          1    #......
b - Song of Slaying       Chrm           ##........   8%          2    ##.....
h - Shroud of Golubria    Chrm/Tloc      #.........   14%         2    ##.....


Dungeon Overview and Level Annotations

Branches:
Dungeon (3/27)

Altars:
Yredelemnul


Message History

Casting: Infusion
Confirm with . or Enter, or press ? or * to list all spells.
You start singing a song of slaying.
A bat comes into view.
The bat hits you but does no damage. The gnoll closely misses you.
You hit the gnoll.
The gnoll is moderately wounded.
Your shroud begins to fray at the edges.
The bat hits you but does no damage. The gnoll hits you with a halberd!
Ouch! That really hurt!
* * * LOW HITPOINT WARNING * * *
Your shroud falls apart!
You closely miss the gnoll.
The gnoll is moderately wounded.
The bat hits you but does no damage. The gnoll barely misses you.
You hit the gnoll.
The gnoll is severely wounded.
The bat hits you but does no damage. The gnoll hits you with a halberd!
Ouch! That really hurt!
You die...

▒∙∙ ∙▒ ∙ ▒∙∙ ∙▒ ▒∙
▒∙▒▒∙ ▒▒∙▒▒▒∙∙∙▒
▒∙∙∙∙∙∙∙∙▒ ▒
▒∙∙∙∙∙∙∙%▒▒▒▒▒∙∙∙∙∙
▒(∙∙∙∙∙∙<∙∙∙∙∙∙∙∙∙∙
▒∙∙▒∙>∙▒▒▒▒▒▒∙∙∙∙∙∙
▒▒ ▒∙∙∙▒ ∙∙▒
∙∙∙∙∙▒∙∙∙▒▒▒▒▒▒▒▒∙∙▒


∙∙∙∙∙b∙∙@∙∙∙∙∙∙∙∙∙∙ ∙∙∙∙∙▒▒▒g▒▒▒▒▒▒▒▒∙∙ ▒▒∙∙▒∙∙∙∙∙∙∙▒ ▒∙ ▒∙∙∙∙∙∙∙▒ ▒∙∙∙∙∙∙∙▒
▒▒▒∙▒▒▒▒▒ ▒∙▒ ▒∙▒ ∙∙∙ ∙∙∙ ∙∙∙∙∙ You could see a gnoll and a bat.

Vanquished Creatures
  2 giant geckos
  4 bats
  A giant cockroach (D:2)
  3 goblins
  A hobgoblin (D:2)
  3 kobolds
  A quokka (D:2)
  3 giant newts
  6 rats
24 creatures vanquished.

Notes
Turn   | Place    | Note
--------------------------------------------------------------
     0 | D:1      | Illaniel, the High Elf Skald, began the quest for the Orb.
     0 | D:1      | Reached XP level 1. HP: 13/13 MP: 4/4
   170 | D:1      | Reached skill level 1 in Armour
   371 | D:1      | Reached XP level 2. HP: 18/18 MP: 3/6
   420 | D:1      | Learned a level 2 spell: Song of Slaying
   423 | D:1      | Learned a level 2 spell: Shroud of Golubria
   794 | D:2      | Found a basalt altar of Yredelemnul.
  1242 | D:2      | Reached skill level 4 in Charms
  1678 | D:3      | Mangled by a gnoll

Action                   || total
-------------------------++-------
Melee: Falchion          ||    78
 Cast: Infusion          ||    18
       Shroud of Golubri ||     3
       Song of Slaying   ||     1
